 Dungeon Crawl Stone Soup version 0.27-a0-720-g3f424a255b (webtiles) character file.

Game seed: 2452353250707216390

405 ReteAZ the Stinger (level 6, 0/53 HPs)
             Began as an Ogre Venom Mage on Mar 23, 2021.
             Killed from afar by an orc wizard (7 damage)
             ... with a puff of flame
             ... on level 4 of the Dungeon.
             The game lasted 00:08:35 (4689 turns).

ReteAZ the Stinger (Ogre Venom Mage)                Turns: 4689, Time: 00:08:36

Health: 0/53       AC:  3    Str: 13    XL:     6   Next: 87%
Magic:  12/12      EV:  9    Int: 17    God:
Gold:   149        SH:  0    Dex: 10    Spells: 10/13 levels left

rFire    . . .     SeeInvis .   w - +2 dagger (venom)
rCold    . . .     Faith    .   (no shield)
rNeg     . . .     Spirit   .   a - +0 robe
rPois    .         Reflect  .   (helmet restricted)
rElec    .         Harm     .   (no cloak)
rCorr    .         Rampage  .   (gloves unavailable)
Will     .....                  (boots unavailable)
Stlth    ++........             (no amulet)
HPRegen  0.17/turn              (no ring)
MPRegen  0.13/turn              (no ring)

@: no status effects
A: large, unfitting armour, tough skin 1
a: no special abilities


You were on level 4 of the Dungeon.
You visited 1 branch of the dungeon, and saw 4 of its levels.

You collected 149 gold pieces.

Inventory:

Hand Weapons
 c - a +0 hand axe
 p - a +0 war axe
 w - a +2 dagger of venom (weapon)
Missiles
 k - 15 poisoned darts
 x - 5 curare-tipped darts
Armour
 a - a +0 robe (worn)
 v - a +2 tower shield
Wands
 t - a wand of acid (10)
 u - a wand of polymorph (8)
Scrolls
 b - 4 scrolls of vulnerability {unknown}
 d - a scroll of identify {unknown}
 i - 2 scrolls of noise {unknown}
 l - a scroll of fog {unknown}
 n - a scroll of acquirement {unknown}
 r - a scroll of blinking {unknown}
Potions
 e - 2 potions of curing
 f - 2 potions of invisibility {unknown}
 g - a potion of magic
 h - 2 potions of might {unknown}
 j - 3 potions of flight {unknown}
 m - a potion of lignification {unknown}
 o - 3 potions of heal wounds
 q - a potion of mutation {unknown}
 s - a potion of degeneration {unknown}


   Skills:
 - Level 1.7 Dodging
 - Level 1.4 Stealth
 + Level 4.2 Spellcasting
 - Level 3.0 Transmutations
 + Level 1.2 Air Magic
 * Level 5.0 Poison Magic


You had 10 spell levels left.
You knew the following spells:

 Your Spells              Type           Power      Damage    Failure   Level
a - Sting                 Tmut/Pois      68%        1d6       3%          1
b - Poisonous Vapours     Pois/Air       28%        N/A       6%          2

Your spell library contained the following spells:

 Spells                   Type           Power      Damage    Failure   Level
 Magic Dart               Conj           12%        1d3       16%         1
 Ignite Poison            Fire/Tmut/Pois 12%        N/A       16%         3
 Mephitic Cloud           Conj/Pois/Air  10%        N/A       19%         3
 Olgreb's Toxic Radiance  Pois           20%        N/A       19%         4
 Blink                    Tloc           N/A        N/A       24%         2
 Call Imp                 Summ           3%         N/A       24%         2
 Slow                     Hex            3%         N/A       24%         2
 Conjure Flame            Conj/Fire      3%         6-21      43%         3


Dungeon Overview and Level Annotations

Branches:
Dungeon (4/15)
 Temple: D:4-7

Altars:
Okawaru

Shops:
D:1 ?


Innate Abilities, Weirdness & Mutations

You are too large for most types of armour.
You have tough skin. (AC +1)


Message History

An orc wizard comes into view. It is wielding a +0 dagger.
The orc barely misses you. The orc barely misses you.
The orc wizard shouts!
You hit the orc.
The orc is poisoned.
The orc is heavily wounded.
You kill the orc!
You hit the orc wizard.
The orc wizard is poisoned.
The orc wizard is moderately wounded.
The orc wizard hits you but does no damage.
You barely miss the orc wizard.
The orc wizard is heavily wounded.
The orc wizard casts a spell at you.
You are confused.
You miss the orc wizard.
The orc wizard is heavily wounded.
The orc wizard barely misses you.
You hit the orc wizard but do no damage.
The orc wizard is heavily wounded.
The orc wizard casts a spell at you. The magic dart hits you.
You barely miss the orc wizard.
The orc wizard is severely wounded.
The orc wizard hits you with a +0 dagger.
* * * LOW HITPOINT WARNING * * *
You bump into the rock wall.
The orc wizard gestures at you while chanting.
The magic dart hits you!
* * * LOW HITPOINT WARNING * * *
The orc wizard gestures at itself while chanting.
The orc wizard flickers and vanishes!
Deactivating autopickup; reactivate with Ctrl-A.
You feel less confused.
You hear some strange, mumbled words.
Something tries to affect you, but you resist.
You miss something.
You hear some strange, mumbled words.
A puff of flame appears from out of thin air!
The puff of flame hits you!
You die...

#..#...###.... #.##.........
#..#....#....####.###........
..###...##...........##......##.
.................(.........###
#...........#..###....<.....#
#.#....#....#..# ##..†......#
#..####.....#####.........# ##
#.....{............##
#......@.)........##
##................#
#.........##...####
##........###### ##....#.##
#.....### ##....# ###..# #.##


There were no monsters in sight!

Vanquished Creatures
  Sigmund (D:2)
  A scorpion (D:3)
  A hound (D:4)
  An orc priest (D:3)
  A worker ant (D:3)
  3 adders
  2 worms
  A dart slug (D:2)
  8 orcs
  7 ball pythons
  3 giant cockroaches (D:2)
  3 goblins
  7 hobgoblins
  6 jackals
  7 kobolds
  5 oozes
  5 quokkas
  4 bats
  6 frilled lizards
  4 rats
76 creatures vanquished.

Notes
Turn   | Place    | Note
-------+----------+-------------------------------------------
     0 | D:1      | ReteAZ the Ogre Venom Mage began the quest for the Orb.
     0 | D:1      | Reached XP level 1. HP: 16/16 MP: 3/3
   109 | D:1      | Reached skill level 1 in Transmutations
   293 | D:1      | Reached skill level 3 in Poison Magic
   293 | D:1      | Reached XP level 2. HP: 24/24 MP: 1/5
   373 | D:1      | Found Rullusotz's Magic Scroll Shoppe.
  1183 | D:1      | Reached XP level 3. HP: 24/31 MP: 4/7
  1551 | D:2      | Found an iron altar of Okawaru.
  1666 | D:2      | Noticed Sigmund
  1787 | D:2      | Killed Sigmund
  1788 | D:2      | Reached skill level 4 in Poison Magic
  1788 | D:2      | Reached XP level 4. HP: 8/39 MP: 5/9
  1788 | D:2      | Reached XP level 5. HP: 10/45 MP: 5/10
  1791 | D:2      | Learned a level 2 spell: Poisonous Vapours
  2969 | D:3      | Reached XP level 6. HP: 41/53 MP: 8/11
  4219 | D:3      | HP: 2/53 [orc/+0 dagger (1)]
  4222 | D:3      | Reached skill level 1 in Air Magic
  4664 | D:4      | Reached skill level 5 in Poison Magic
  4689 | D:4      | Killed from afar by an orc wizard

Illustrated notes

Levels and vault maps discovered:
D:1:      elethiomel_arrival_shortcut, layout_basic, serial_shops, shop,
          minmay_tetromino_i2
D:2:      layout_rooms, okawaru_metal_pillars_1_2, minmay_misc_feat_pillars,
          minmay_misc_feat_roman, uniq_sigmund
D:3:      kennysheep_six_static_rooms, layout_basic
D:4:      lemuel_upstairs_altar, layout_cave_pools, grunt_temple_overflow_open,
          serial_shops, shop, shop, shop

Skill      XL: |  1  2  3  4  5  6 |
---------------+-------------------+-----
Transmutations | 1 2 3 |  3.0
Poison Magic   | 3 4 5 |  5.0
Spellcasting   | 3 4 |  4.2
Air Magic      | 1 |  1.2
Dodging        | |  1.7
Stealth        | |  1.4

Action                   |  1- 3 |  4- 6 || total
-------------------------+-------+-------++-------
Melee: Unarmed           |    19 |       ||    19
       Hand axe          |    42 |     6 ||    48
       War axe           |       |    14 ||    14
       Dagger            |       |    12 ||    12
 Cast: Sting             |    60 |    68 ||   128
  Use: Potion            |     2 |       ||     2
Armor: Robe              |    31 |    13 ||    44
Dodge: Dodged            |    54 |    26 ||    80

Table legend: (Time is in decaauts)
 A = Elapsed time spent in this place.
 B = Non-inter-level travel time spent in this place.
 C = Inter-level travel time spent in this place.
 D = Time resting spent in this place.
 E = Time spent auto-exploring this place.
 F = Levels seen in this place.
 G = Mean time per level.
                   A        B        C        D        E       F      G
               +--------+--------+--------+--------+--------+-----+--------+
         Total |   4711 |   4532 |    179 |    876 |   3051 |   4 | 1177.8 |
       Dungeon |   4711 |   4532 |    179 |    876 |   3051 |   4 | 1177.8 |
               +--------+--------+--------+--------+--------+-----+--------+

Top non-repeatable levels by time:
     D:3: 2101 daAuts
     D:1: 1428 daAuts
     D:2: 1011 daAuts
     D:4: 170 daAuts
